 Dungeon Crawl Stone Soup version 0.20-a0-903-g7e3609c (webtiles) character file.

27 memeslayer420 the Insei (level 2, 0/33 HPs)
             Began as a Demigod Transmuter on Mar 20, 2017.
             Succumbed to a goblin's poison
             ... on level 1 of the Dungeon.
             The game lasted 00:01:33 (748 turns).

memeslayer420 the Insei (Demigod Transmuter)         Turns: 748, Time: 00:01:34

Health: 0/33       AC: 21    Str: 18    XL:     2   Next: 72%
Magic:  6/7        EV:  2    Int: 17    God:
Gold:   27         SH:  0    Dex: 16    Spells: 3/4 levels left

rFire    . . .     SeeInvis .     - Unarmed
rCold    . . .     Gourm    .   (armour currently unavailable)
rNeg     + + +     Faith    .   (no shield)
rPois    +         Spirit   .   (helmet currently unavailable)
rElec    .         Reflect  .   (cloak currently unavailable)
rCorr    .         Harm     .   (gloves currently unavailable)
MR       .....     NoTele   +   (boots currently unavailable)
Stlth    +.........             (no amulet)
Regen    0.2/turn               (no ring)
MPRegen  0.1/turn               (no ring)

@: mighty, lethally poisoned (0 -> -5), tree-form, invisible
A: high mp 1
a: no special abilities


You were on level 1 of the Dungeon.
You were not hungry.
You were a tree.
You visited 1 branch of the dungeon, and saw 1 of its levels.

You collected 27 gold pieces.

Inventory:

Missiles
 a - 12 arrows
Armour
 b - a +0 robe (melded)
Jewellery
 l - a +2 ring of evasion {unknown}
Scrolls
 e - a scroll of fear {unknown}
 g - 3 scrolls of blinking {unknown}
 h - a scroll of remove curse {unknown}
 i - a scroll of identify {unknown}
Potions
 k - a potion of lignification
Books
 c - a book of Changes

   Spells                             Type                      Level
   a - Beastly Appendage              Transmutation                1
   b - Sticks to Snakes               Transmutation                2
   c - Spider Form                    Transmutation/Poison         3
   d - Ice Form                       Ice/Transmutation            4
   e - Blade Hands                    Transmutation                5
Comestibles
 d - 2 bread rations
 f - 2 meat rations
 m - a royal jelly


   Skills:
 - Level 0.8 Fighting
 - Level 1.7 Dodging
 + Level 3.1 Unarmed Combat
 - Level 1.7 Spellcasting
 + Level 2.6 Transmutations


You had 3 spell levels left.
You knew the following spells:

 Your Spells              Type           Power        Failure   Level  Hunger
a - Beastly Appendage     Tmut           ##....       10%         1    #......


Dungeon Overview and Level Annotations

Branches:
Dungeon (1/15)


Innate Abilities, Weirdness & Mutations

You have an increased reservoir of magic. (+10% MP)


Message History

* * * LOW HITPOINT WARNING * * *
You feel sick. The rat barely misses you.
You are too injured to fight recklessly!
You hit the rat.
The rat is heavily wounded.
The rat bites you.
* * * LOW HITPOINT WARNING * * *
You barely miss the rat. You claw the rat.
You kill the rat!
* * * LOW HITPOINT WARNING * * *
You feel sick.
It was a potion of lignification.
Your talons disappear.
You turn into a tree.
Your +0 robe melds into your body.
Your roots penetrate the ground.
It was a potion of might.
You feel very mighty all of a sudden.
It was a potion of invisibility.
You fade into invisibility!
You die...

#.#######
#.......###
####.#####...#
#..........#.#
.####..#..#.#
##..##(##.#.#
#...%#†.#.#.#
#!)♣!#.#.#
##).##.#.#
####..#.#
.##.# # #.#
#.# #.# #.#
#.#


There were no monsters in sight!

Vanquished Creatures
  An ooze (D:1)
  A dart slug (D:1)
  A leopard gecko (D:1)
  5 bats (D:1)
  A hobgoblin (D:1)
  A frilled lizard (D:1)
  3 goblins (D:1)
  4 kobolds (D:1)
  4 rats (D:1)
21 creatures vanquished.

Notes
Turn   | Place    | Note
-------+----------+-------------------------------------------
     0 | D:1      | memeslayer420 the Demigod Transmuter began the quest for the Orb.
     0 | D:1      | Reached XP level 1. HP: 15/15 MP: 5/5
   291 | D:1      | Reached skill level 3 in Unarmed Combat
   291 | D:1      | Reached XP level 2. HP: 3/22 MP: 5/7
   745 | D:1      | HP: 1/22 [poisoned by a goblin]
   748 | D:1      | Succumbed to a goblin's poison

Vault maps used:
D:1:      dpeg_arrival_rooms_with_view, roderic_curled_sauvastika,
          minmay_close_crescents

Skill      XL: |  1 |
---------------+----+-----
Transmutations | 2 |  2.6
Unarmed Combat | 3 |  3.1
Fighting       | |  0.8
Dodging        | |  1.7
Spellcasting   | |  1.7

Action                   || total
-------------------------++-------
Melee: Unarmed           ||    57
       Headbutt          ||     2
       Punch             ||     1
       Kick              ||     4
 Cast: Beastly Appendage ||     6
  Use: Potion            ||     3
 Stab: Sleeping          ||     5
Armor: Robe              ||     9
Dodge: Dodged            ||    32
